 Dungeon Crawl Stone Soup version 0.18.1-47-g9310371 (webtiles) character file.

1539830 vale the Conqueror (level 27, 249/249 HPs)
             Began as a Merfolk Wizard on June 19, 2016.
             Was the Champion of Ashenzari.
             Escaped with the Orb
             ... and 3 runes on June 20, 2016!
             The game lasted 06:32:34 (96100 turns).

vale the Conqueror (Merfolk Wizard)                Turns: 96100, Time: 06:32:35

Health: 249/249    AC: 24    Str: 11    XL:     27
Magic:  42/42      EV: 33    Int: 25    God:    Ashenzari [******]
Gold:   6658       SH:  2    Dex: 17    Spells: 14 memorised, 11 levels left

rFire  + . .     SeeInvis +     a - +9 bardiche (chop) (curse)
rCold  + . .     Gourm    .     C - +5 steam dragon armour (curse)
rNeg   . . .     Faith    .     (shield currently unavailable)
rPois  .         Spirit   .     I - +2 helmet (curse)
rElec  .         Dismiss  .     B - +2 cloak {MR+} (curse)
rCorr  .         Reflect  +     j - +2 pair of gloves (curse)
SustAt .         Harm     .     m - +2 pair of boots (curse)
MR     ++++.     Clarity  +     s - +2 amulet of reflection (curse)
Stlth  +++.......               Y - ring of Okawaru's Favour {rF+ rC+} (curse)
                                c - ring "Fuelo" {MR+ Int+3 SInv}

@: repel missiles, incredibly resistant to hostile enchantments, fairly stealthy
A: change form in water, swift swim
a: Curse Item, Scrying, Transfer Knowledge, Renounce Religion
0: Orb of Zot
}: 3/15 runes: decaying, serpentine, silver


You escaped.
You worshipped Ashenzari.
Ashenzari was exalted by your worship.
You were full.

You visited 11 branches of the dungeon, and saw 55 of its levels.
You visited the Abyss 1 time.
You also visited: Ice Cave and Volcano.

You collected 9733 gold pieces.
You spent 3075 gold pieces at shops.

Inventory:

Hand Weapons
 a - a cursed +9 bardiche of chopping (weapon)
Missiles
 e - 4 throwing nets (quivered)
Armour
 f - the cursed +1 ring mail "Kozy Goa" {rPois rC+}
   (You found it on level 6 of the Lair of Beasts)

   It protects you from cold.
   It protects you from poison.
   It has a curse placed upon it.
 j - a cursed +2 pair of gloves (worn)
 m - a cursed +2 pair of boots (worn)
 B - a cursed +2 cloak of magic resistance (worn)
 C - a cursed +5 steam dragon armour (worn)
 I - a cursed +2 helmet (worn)
Jewellery
 c - the ring "Fuelo" (left hand) {MR+ Int+3 SInv}
   (You took it off a deep elf demonologist on level 3 of the Elven Halls)

   [ring of see invisible]

   It affects your intelligence (+3).
   It affects your resistance to hostile enchantments.
   It lets you see invisible.
 l - an uncursed ring of flight
 s - a cursed +2 amulet of reflection (around neck)
 D - an uncursed ring of poison resistance
 N - an uncursed ring of positive energy
 Y - the cursed ring of Okawaru's Favour (right hand) {rF+ rC+}
   (You took it off a deep elf master archer on level 3 of the Elven Halls)

   [ring of protection from cold]

   It protects you from fire.
   It protects you from cold.
   It has a curse placed upon it.
Wands
 b - a wand of digging (10/24)
 v - a wand of iceblast (1/15)
 y - a wand of disintegration (8/24)
 z - a wand of acid (6/15)
 A - a wand of digging (14/24)
 G - a wand of heal wounds (0/9)
 J - a wand of teleportation (3/9)
 T - a wand of heal wounds (5/9)
Scrolls
 k - 5 scrolls of silence
 o - 8 scrolls of magic mapping
 q - 2 scrolls of fog
 x - 13 scrolls of teleportation
 F - 28 scrolls of remove curse
 M - 9 scrolls of recharging
 P - 22 scrolls of identify
 S - 8 scrolls of fear
 W - 5 scrolls of blinking
Potions
 g - 4 potions of cancellation
 h - 7 potions of flight
 n - 2 potions of magic
 r - 9 potions of heal wounds
 u - 2 potions of might
 w - 3 potions of agility
 H - 4 potions of invisibility
 K - 13 potions of curing
 Q - a potion of cure mutation
 R - 8 potions of resistance
 V - 4 potions of haste
Miscellaneous
 i - a phial of floods
 L - a box of beasts {used: 7}
 O - a fan of gales
 U - 3 phantom mirrors
 X - a lamp of fire
 Z - a box of beasts
Comestibles
 d - 28 bread rations {@e1}
 t - 24 fruits


   Skills:
 O Level 27 Fighting
 - Level 22.7(27) Polearms
 - Level 6.8 Armour
 - Level 24.0(27) Dodging
 - Level 16.9(20.7) Stealth
 - Level 15.2 Spellcasting
 - Level 6.9(10.0) Conjurations
 - Level 3.2(5.9) Hexes
 - Level 5.5(8.6) Charms
 * Level 22.1(24.2) Summonings
 + Level 9.5(12.3) Necromancy
 + Level 8.3(11.3) Translocations
 - Level 3.0(5.6) Air Magic
 - Level 7.1(10.2) Evocations


You had 11 spell levels left.
You knew the following spells:

 Your Spells              Type           Power        Failure   Level  Hunger
a - Magic Dart            Conj           ####         1%          1    None
b - Shroud of Golubria    Chrm/Tloc      ######....   1%          2    None
c - Haunt                 Necr/Summ      #######...   1%          7    ######.
d - Mephitic Cloud        Conj/Pois/Air  #####...     1%          3    None
e - Malign Gateway        Summ/Tloc      #######...   1%          7    ######.
f - Repel Missiles        Chrm/Air       ######       1%          2    None
g - Regeneration          Chrm/Necr      ######....   1%          3    None
h - Spectral Weapon       Hex/Chrm       ######..     1%          3    None
i - Bolt of Draining      Conj/Necr      ######....   1%          5    #......
k - Apportation           Tloc           ######....   1%          1    None
n - Animate Skeleton      Necr           N/A          1%          1    None
p - Blink                 Tloc           N/A          1%          2    None
u - Control Undead        Necr           ######....   1%          4    None
y - Animate Dead          Necr           N/A          1%          4    None


Dungeon Overview and Level Annotations

Branches:
Dungeon (15/15)            Temple (1/1) D:5            Lair (8/8) D:9
  Swamp (4/4) Lair:5        Snake (4/4) Lair:6        Slime (0/6) Lair:6
    Orc (2/2) D:9             Elf (3/3) Orc:2        Vaults (5/5) D:13
  Crypt (3/3) Vaults:2       Tomb (0/3) Crypt:3      Depths (5/5) D:15
    Zot (5/5) Depths:5

Altars:
Ashenzari
Cheibriados
Dithmenos
Elyvilon
Fedhas
Gozag
Kikubaaqudgha
Makhleb
Nemelex Xobeh
Okawaru
Pakellas
Qazlal
Ru
Sif Muna
Trog
Vehumet
Xom
Yredelemnul
Zin
The Shining One
Beogh
Jiyva

Shops:
D:5 [   D:7 }}*?[   D:10 (   D:12 *   D:13 %   D:14 }   Orc:2 [[*%   Snake:4 *
Vaults:2 (=   Vaults:3 !

Portals:
Hell: Depths:1 Depths:2 Depths:3 Depths:4 Depths:5
Abyss: Depths:1 Depths:3 Depths:4
Pandemonium: Depths:2 Depths:3 Depths:5
Ziggurat: Depths:2
Trove: D:10 (give +2 gold dragon armour)

Annotations:
D:10 exclusion: door
Lair:8 1 runed door
Snake:3 3 runed doors


Message History

There is a stone staircase leading down here.
There is a stone staircase leading up here.
You climb upwards.
There is a stone staircase leading down here.
A lich comes into view.
A lich comes into view.
The lich shouts!
The lich points at you and mumbles some strange words.
The bolt of acid misses you.
The lich casts a spell.
The lich seems to speed up.
Loumic comes into view.
The translucent rock wall explodes into countless fragments.
This wand has 8 charges left.
The lich points at you and mumbles some strange words.
You resist with almost no effort.
There is a staircase leading out of the dungeon here.
The lich gestures wildly while chanting.
The lich seems to speed up.
You have escaped!

...#.......# #####...#.#.##.....
####.......# #.........#.##.####
## #.......# #.........#.##.# .#
#.......####.........#.##.####
.####.######.........##.#.#......
..# #.# ##.##'''##.##........##
#.# #.# #..#.....#.####....#.#
#.# #.# #..#.....#.##......#.#
#.###)# #.....@..#.##.###....#
#..##.#####L.#.....#.##.###.####
##.##).......#######........#
##..#...L#####........#######
.)#.#...{# ##.......# #.#....{>#
######### #.##.....## #.##.>....#
#.###.....#


You could see a lich.

Vanquished Creatures
  2 orbs of fire
  Mara (Vaults:2)
  7 ancient liches
  Mennas (Vaults:3)
  Sojobo (Depths:4)
  The ghost of doroboNeko the Executioner, a veteran MiFi of Makhleb (Elf:3)
  4 curse toes
  2 caustic shrikes (Depths:2)
  2 Killer Klowns (Zot:5)
  The ghost of peaced01 the Slayer, an adept MiFi of Gozag (Vaults:4)
  Jory (Vaults:5)
  7 golden dragons
  3 bone dragons
  Jorgrun (Crypt:3)
  Rupert (Vaults:1)
  A Brimstone Fiend (D:10)
  19 tentacled monstrosities
  3 electric golems
  5 liches
  An Ice Fiend (IceCv)
  21 Orb Guardians
  2 deep elf master archers (Elf:3)
  2 titans
  2 deep elf blademasters (Elf:3)
  2 Executioners
  9 death cobs
  5 sphinxes
  Agnes (Vaults:1)
  8 ancient champions
  The ghost of Orbits the Fencer, an adept TeBe of Trog (Elf:2)
  3 thorn hunters (Swamp:4)
  7 shadow dragons
  11 storm dragons
  Kirke (Swamp:1)
  8 fire giants
  6 tengu reavers
  Wiglaf (Vaults:1)
  6 greater nagas (Snake:4)
  2 revenants
  3 draconian knights (Zot:1)
  5 draconian monks
  Roxanne (Swamp:1)
  6 draconian scorchers
  A ghost moth (Zot:3)
  9 deep elf sorcerers
  2 iron dragons
  An orc warlord (Orc:2)
  Louise (Vaults:1)
  2 curse skulls
  5 draconian zealots
  13 frost giants
  Aizul (Swamp:2)
  4 spriggan defenders
  15 vault wardens
  A ghost moth (shapeshifter) (Vaults:5)
  4 draconian shifters
  13 ghouls
  14 ironheart preservers
  2 draconian callers
  23 stone giants
  4 draconian annihilators
  3 war gargoyles (Vaults:5)
  22 very ugly things
  6 deep elf elementalists
  The ghost of kitkat the Eclecticist, a journeyman DrFE of Vehumet (Swamp:1)
  9 black draconians
  2 vampire knights
  9 green draconians
  4 salamander stormcallers
  6 deep elf annihilators
  5 deep elf demonologists
  Azrael (D:12)
  3 mottled draconians
  11 red draconians
  6 white draconians
  12 spark wasps
  7 purple draconians
  5 yellow draconians
  A dire elephant (D:15)
  A green death (Swamp:4)
  9 jiangshi
  2 eidola
  A merfolk javelineer (Depths:1)
  A minotaur (shapeshifter) (Depths:3)
  10 deep elf death magi
  A death ooze (Swamp:4)
  2 quicksilver dragon zombies (Crypt:2)
  29 vault guards
  23 fire dragons
  5 crystal guardians
  8 great orbs of eyes
  17 ettins
  11 yaktaur captains
  5 deep elf high priests
  4 entropy weavers
  18 ice dragons
  The ghost of Shade the Nimble, a journeyman DsWz of Vehumet (D:12)
  3 rakshasas
  2 hell beasts (Swamp:4)
  28 hydras
  16 naga warriors
  3 catoblepae
  17 centaur warriors
  3 ghost crabs
  2 spriggan air magi (Depths:5)
  The ghost of kitkat the Thaumaturge, a journeyman DrFE of Vehumet (Orc:2)
  13 ogre magi
  25 dancing weapons
  9 alligators
  8 anacondas
  2 death yaks (Lair:8)
  4 deep troll shamans
  A tengu warrior (Depths:3)
  5 vampire magi
  6 deep troll earth magi
  A thrashing horror (Swamp:4)
  A hellephant zombie (Crypt:1)
  A titan zombie (Crypt:1)
  15 naga sharpshooters
  13 hell knights
  8 spriggan berserkers
  10 shock serpents
  2 soul eaters
  34 deep elf knights
  An iron troll (Depths:2)
  2 shadow wraiths (Crypt:3)
  4 salamander mystics
  6 wizards
  23 skeletal warriors
  An unseen horror (D:11)
  A titan skeleton (Crypt:1)
  A spriggan druid (Swamp:4)
  20 deep trolls
  2 giant orange brains (shapeshifter)
  An anaconda zombie (Crypt:1)
  5 giant orange brains
  4 flayed ghosts
  16 deep elf archers
  10 naga ritualists
  A shambling mangrove (Swamp:2)
  A death drake (shapeshifter) (Vaults:3)
  A hill giant (shapeshifter) (Elf:1)
  An anaconda skeleton (Crypt:3)
  An orange crystal statue (Depths:1)
  8 phantasmal warriors
  10 hill giants
  8 harpies
  A golden dragon skeleton (Crypt:3)
  2 lindwurms (Lair:8)
  54 ugly things
  13 orc knights
  15 necromancers
  2 swamp dragons (Swamp:4)
  18 ironbrand convokers
  7 griffons
  12 mana vipers
  6 wolf spiders
  An iron dragon zombie (Crypt:1)
  7 manticores
  55 deep elf magi
  A hornet (Vaults:4)
  A shadow dragon skeleton (Crypt:3)
  2 moths of wrath (shapeshifter)
  20 salamanders
  8 cyclopes
  3 orc sorcerers
  A sphinx skeleton (Vaults:2)
  A stone giant skeleton (Crypt:3)
  A rust devil (Depths:5)
  8 human skeletons (Vaults:2)
  12 elephants
  23 moths of wrath
  9 guardian serpents
  40 black mambas
  A frost giant skeleton (Vaults:2)
  6 torpor snails (Lair:8)
  A gargoyle (Volcano)
  4 ice statues (IceCv)
  15 naga magi
  A torpor snail (shapeshifter) (Vaults:3)
  A guardian serpent (shapeshifter) (D:15)
  23 spiny frogs
  An orange demon (Swamp:4)
  A smoke demon (D:10)
  5 rime drakes
  13 vault sentinels
  37 yaktaurs
  17 komodo dragons
  An elephant slug zombie (Crypt:3)
  A komodo dragon (shapeshifter) (Depths:4)
  A dire elephant skeleton (Crypt:3)
  A green draconian zombie (Crypt:1)
  7 freezing wraiths
  A tormentor (D:7)
  An efreet (D:14)
  A red draconian zombie (Crypt:2)
  A golden dragon simulacrum (IceCv)
  11 ice devils
  3 anaconda simulacra (IceCv)
  A polar bear (shapeshifter) (Depths:5)
  A queen bee (shapeshifter) (Vaults:5)
  A tengu conjurer (Depths:3)
  A guardian mummy (Crypt:1)
  A queen bee (Lair:1)
  2 yaktaur skeletons (Vaults:2)
  A troll (shapeshifter) (Depths:5)
  34 two-headed ogres
  3 red devils
  A polar bear (Lair:4)
  6 trolls
  2 hydra zombies
  A jumping spider (Depths:1)
  11 giant leeches
  A hydra skeleton (Crypt:3)
  16 bog bodies
  24 slime creatures
  A minotaur skeleton (Crypt:1)
  Prince Ribbit (Lair:3)
  26 blink frogs
  A raiju (shapeshifter) (Depths:3)
  An ettin zombie (Vaults:2)
  An ice dragon zombie (Crypt:3)
  4 boulder beetles
  5 large abominations
  7 flying skulls (Crypt:3)
  A ynoxinul (Abyss:3)
  6 shadows
  10 spriggans
  An air elemental (Elf:3)
  4 ettin skeletons
  4 basilisks
  13 redbacks
  8 fire bats (Volcano)
  18 water elementals
  9 wyverns
  A golden eye (shapeshifter) (Elf:1)
  2 hogs (Swamp:1)
  49 yaks
  3 golden eyes (D:12)
  10 hippogriffs
  4 fire elementals
  24 vampire mosquitoes
  14 wraiths
  A hippogriff (shapeshifter) (D:13)
  3 hungry ghosts
  2 harpy simulacra (IceCv)
  An infernal demonspawn zombie (Crypt:2)
  2 iron troll simulacra (IceCv)
  Edmund (D:5)
  A soldier ant (D:14)
  2 wargs
  A warg (shapeshifter) (D:15)
  60 nagas
  22 swamp worms
  Duvessa (D:5)
  2 hydra simulacra
  2 mottled dragons
  20 insubstantial wisps
  A hornet simulacrum (Vaults:1)
  16 porcupines
  10 water moccasins
  A giant eyeball (Depths:3)
  14 swamp drakes
  An ettin simulacrum (IceCv)
  7 hell hounds
  A monstrous demonspawn skeleton (Crypt:3)
  37 orc warriors
  7 ice beasts
  A water nymph skeleton (Crypt:2)
  5 sky beasts
  3 spiny frog skeletons
  A wasp (shapeshifter) (Vaults:2)
  An elephant zombie (Crypt:1)
  13 necrophages
  20 wasps
  An eye of draining (shapeshifter) (Depths:2)
  62 ogres
  3 phantoms
  28 boggarts
  13 wolves
  2 swamp dragon skeletons (Crypt:3)
  22 centaurs
  A snapping turtle skeleton (Crypt:3)
  18 crocodiles
  An elf zombie (Elf:1)
  A big kobold (D:11)
  20 giant frogs
  A wyvern zombie (D:9)
  5 earth elementals
  A glowing shapeshifter simulacrum (Vaults:3)
  A small abomination (Swamp:4)
  Dowan (D:5)
  A draconian skeleton (Crypt:1)
  A wyvern skeleton (D:14)
  4 scorpions
  A yak zombie (Crypt:2)
  2 water moccasin skeletons
  A human simulacrum (Vaults:2)
  22 killer bees
  2 troll skeletons (Crypt:3)
  36 wights
  3 electric eels
  6 howler monkeys
  9 crimson imps
  A centaur zombie (D:12)
  2 human zombies (Crypt:1)
  2 quasits
  21 orc priests
  3 centaur skeletons
  8 hounds
  2 jellies
  A giant frog skeleton (D:5)
  15 orc wizards
  10 iguanas
  A porcupine zombie (Crypt:2)
  6 worker ants
  A killer bee zombie (Crypt:3)
  38 sheep
  2 ogre zombies (Crypt:3)
  A big kobold zombie (Crypt:3)
  A hound skeleton (D:8)
  6 mummies (Crypt:1)
  2 howler monkey zombies
  12 adders
  27 river rats
  2 swamp drake skeletons
  A swamp drake zombie (Crypt:1)
  9 shadow imps
  An ooze (D:2)
  An adder skeleton (D:6)
  A halfling skeleton (Crypt:2)
  16 worms
  2 dart slugs
  4 giant geckos
  84 orcs
  4 bats
  10 giant cockroaches
  8 goblins
  7 hobgoblins
  12 jackals
  10 quokkas
  A ball python (D:5)
  A giant gecko skeleton (Crypt:3)
  4 giant newts
  20 kobolds
  A quokka skeleton (D:6)
  7 rats
  A briar patch (Swamp:4)
  A fungus (Lair:1)
  A lost soul (Crypt:3)
  2 plants
  4 spectral weapons
2633 creatures vanquished.

Vanquished Creatures (collateral kills)
  3 orbs of fire
  Margery (Vaults:2)
  A lich (Vaults:5)
  4 tentacled monstrosities
  A titan (Depths:3)
  3 Orb Guardians (Zot:5)
  A sphinx (Elf:3)
  A shadow dragon (Depths:5)
  3 tengu reavers
  A draconian knight (Zot:4)
  4 frost giants
  2 deep elf sorcerers (Elf:3)
  A ghost moth (Zot:3)
  3 vault wardens
  2 draconian shifters (Zot:2)
  2 draconian annihilators (Zot:5)
  A draconian caller (Zot:4)
  A curse skull (Crypt:3)
  4 stone giants
  A deep elf demonologist (Elf:3)
  3 very ugly things
  2 black draconians
  2 red draconians
  3 deep elf annihilators (Elf:3)
  A green draconian (Depths:5)
  3 mottled draconians
  A spark wasp (Depths:2)
  3 yellow draconians
  An ettin (Vaults:5)
  A merfolk javelineer (Depths:3)
  A green death (Swamp:4)
  5 vault guards
  An entropy weaver (Depths:3)
  2 deep elf high priests
  A yaktaur captain (Depths:4)
  An ice dragon (Depths:2)
  9 hydras
  A spriggan air mage (Depths:3)
  A centaur warrior (D:14)
  A rakshasa (Depths:2)
  2 dancing weapons
  4 alligators
  5 ogre magi
  A deep troll shaman (Depths:2)
  2 naga sharpshooters (Snake:4)
  2 deep elf knights (Elf:2)
  4 hell knights
  A skeletal warrior (Crypt:1)
  A large abomination (Swamp:4)
  An ironbrand convoker (Vaults:5)
  A swamp dragon (Swamp:4)
  3 deep trolls
  2 flayed ghosts
  3 necromancers
  2 deep elf archers
  2 harpies (Vaults:4)
  2 orc knights
  3 deep elf magi
  An oklob plant (Lair:5)
  A wolf spider (Vaults:1)
  A shadow dragon skeleton (Crypt:2)
  A mana viper (Snake:1)
  A shining eye (shapeshifter) (Depths:2)
  4 griffons
  A manticore (Lair:7)
  2 salamanders (Snake:4)
  A sixfirhy (Depths:5)
  A moth of wrath (Zot:1)
  7 ugly things
  A sphinx skeleton (Depths:3)
  A stone giant skeleton (Crypt:2)
  2 elephants (Lair:8)
  A vault sentinel (Vaults:5)
  A guardian serpent (Snake:4)
  2 black mambas
  Joseph (D:10)
  3 naga magi
  3 spiny frogs
  A spriggan zombie (Depths:3)
  2 rime drakes
  2 yaktaurs
  4 komodo dragons
  A guardian mummy (Crypt:1)
  A kobold demonologist (D:11)
  A tengu conjurer (Depths:3)
  A jumping spider (Depths:1)
  A jumping spider (shapeshifter) (Depths:3)
  3 giant leeches
  8 slime creatures
  4 bog bodies
  A boulder beetle (Lair:8)
  6 two-headed ogres
  6 blink frogs
  An air elemental (Elf:3)
  5 spriggans
  2 redbacks
  5 yaks
  A water elemental (Depths:4)
  5 hippogriffs
  3 wyverns
  6 basilisks (Lair:7)
  A hungry ghost (D:9)
  6 vampire mosquitoes
  An insubstantial wisp (Swamp:2)
  3 swamp worms
  4 nagas (Snake:4)
  A small abomination (Swamp:4)
  A giant eyeball (shapeshifter) (Vaults:5)
  A hell hound (Lair:7)
  4 water moccasins
  A human zombie (Depths:3)
  A gelid demonspawn skeleton (Crypt:3)
  3 porcupines
  A deep troll skeleton (Crypt:3)
  An orc warrior (Orc:2)
  2 wasps
  A lindwurm zombie (Crypt:1)
  6 ogres
  2 wolves (Lair:4)
  A necrophage (Swamp:1)
  A centaur (D:8)
  7 boggarts
  2 crocodiles
  An elf simulacrum (Depths:3)
  A big kobold (D:8)
  2 giant frogs (Lair:1)
  An earth elemental (Elf:3)
  A wyvern skeleton (Crypt:2)
  5 killer bees
  A wight (D:8)
  2 crimson imps
  2 hounds
  An orc priest (Orc:2)
  4 orc wizards (Orc:2)
  An iguana (D:9)
  2 worker ants (D:5)
  6 sheep
  3 gnolls
  5 adders
  20 river rats
  4 worms
  14 orcs
  A hobgoblin (D:3)
  A jackal (D:1)
  A goblin (D:2)
  2 kobolds
  A river rat skeleton (Crypt:1)
  2 fungi (Lair:7)
  4 plants
369 creatures vanquished.

Vanquished Creatures (others)
  An ancient lich (Zot:5)
  8 eldritch tentacles
  A tengu reaver (Depths:2)
  2 fire giants (Depths:2)
  2 draconian scorchers
  Josephine (Swamp:1)
  A giant orange brain (Depths:2)
  A deep elf mage (Elf:1)
  The ghost of Shade the Magician, a novice DsWz (D:5)
  A human (Swamp:2)
  A giant eyeball (Depths:2)
  A hell hound (D:12)
  2 orc warriors
  2 boggarts
  A killer bee (Lair:1)
  An orc wizard (D:5)
  A worker ant (D:5)
  An ooze (D:5)
  9 orcs
  566 eldritch tentacle segments
  A fire vortex (Vaults:3)
  39 fungi
  7 lost souls
  52 plants
  61 spectral weapons
764 creatures vanquished.

Grand Total: 3766 creatures vanquished

Notes
Turn   | Place    | Note
--------------------------------------------------------------
     0 | D:1      | vale the Merfolk Wizard began the quest for the Orb.
     0 | D:1      | Reached XP level 1. HP: 13/13 MP: 4/4
    12 | D:1      | Reached skill level 1 in Conjurations
   386 | D:1      | Reached XP level 2. HP: 19/19 MP: 4/6
   583 | D:1      | Learned a level 2 spell: Call Imp
   586 | D:1      | Learned a level 2 spell: Blink
   760 | D:1      | You fall through a shaft!
   848 | D:2      | Reached XP level 3. HP: 24/24 MP: 2/7
  1127 | D:2      | Found a bloodstained altar of Trog.
  1200 | D:2      | Found an opulent altar of Gozag.
  1872 | D:1      | Reached XP level 4. HP: 24/30 MP: 5/8
  2683 | D:2      | Reached skill level 1 in Polearms
  2811 | D:2      | Learned a level 3 spell: Mephitic Cloud
  3094 | D:2      | Found an iron altar of Okawaru.
  3094 | D:2      | Found a burning altar of Makhleb.
  3341 | D:3      | Reached XP level 5. HP: 35/35 MP: 4/10
  4124 | D:3      | Learned a level 3 spell: Conjure Flame
  4246 | D:4      | Reached XP level 6. HP: 37/41 MP: 1/12
  4947 | D:5      | Entered Level 5 of the Dungeon
  5051 | D:5      | Noticed Shade's ghost (novice DsWz)
  5064 | D:5      | Found a shadowy altar of Dithmenos.
  5233 | D:5      | Learned a level 2 spell: Repel Missiles
  5255 | D:5      | Noticed a phantom
  5281 | D:5      | Killed a phantom
  5281 | D:5      | Reached skill level 5 in Spellcasting
  5281 | D:5      | Reached XP level 7. HP: 25/46 MP: 6/14
  5484 | D:5      | Learned a level 1 spell: Animate Skeleton
  5486 | D:5      | Learned a level 1 spell: Apportation
  5845 | D:5      | Found a shattered altar of Ashenzari.
  5854 | D:5      | Became a worshipper of Ashenzari the Shackled
  5963 | D:5      | Reached skill level 5 in Dodging
  6303 | D:5      | Noticed Edmund
  6322 | D:5      | Killed Edmund
  6529 | D:5      | Killed Shade's ghost
  6534 | D:5      | Noticed Duvessa
  6566 | D:5      | Killed Duvessa
  6566 | D:5      | Reached skill level 5 in Polearms
  6566 | D:5      | Reached XP level 8. HP: 52/52 MP: 2/16
  6586 | D:5      | Noticed Dowan
  6680 | D:5      | Killed Dowan
  6751 | D:5      | Learned a level 3 spell: Regeneration
  6793 | D:5      | Found Wennuch's Antique Armour Boutique.
  6840 | D:5      | Found a staircase to the Ecumenical Temple.
  6849 | Temple   | Entered the Ecumenical Temple
  7346 | D:5      | Reached skill level 1 in Necromancy
  7813 | D:6      | Found a deep blue altar of Sif Muna.
  7853 | D:6      | Reached skill level 1 in Fighting
  7861 | D:6      | Reached skill level 2 in Fighting
  8059 | D:6      | Reached skill level 3 in Fighting
  8059 | D:6      | Reached XP level 9. HP: 63/63 MP: 15/18
  8467 | D:6      | Found a blossoming altar of Fedhas.
  8771 | D:5      | Reached skill level 4 in Fighting
  9192 | D:7      | Reached * piety under Ashenzari
  9343 | D:7      | Found Qyirizoq's Assorted Antiques.
  9350 | D:7      | Bought a scroll of teleportation for 78 gold pieces
  9350 | D:7      | Bought a scroll of remove curse for 78 gold pieces
  9377 | D:7      | Reached skill level 1 in Charms
  9726 | D:7      | Reached skill level 5 in Fighting
  9984 | D:7      | Found Hofoami's Magic Scroll Boutique.
  9992 | D:7      | Bought a scroll of remove curse for 36 gold pieces
  9992 | D:7      | Bought a scroll of remove curse for 36 gold pieces
 10289 | D:7      | Found Tiateytt's Armour Emporium.
 10477 | D:7      | Found Duclixy's Gadget Shop.
 10503 | D:7      | Found Pajaemp's Gadget Emporium.
 10558 | D:7      | Identified a scroll of acquirement
 10679 | D:7      | Reached skill level 6 in Fighting
 11297 | D:8      | Reached XP level 10. HP: 69/77 MP: 10/19
 11441 | D:8      | Reached skill level 7 in Fighting
 11963 | D:8      | Noticed an angel
 11964 | D:8      | Found a glowing silver altar of Zin.
 12245 | D:9      | Learned a level 2 spell: Shroud of Golubria
 12266 | D:9      | Got the cursed robe of Freedom {rElec}
 12422 | D:9      | Identified the cursed +0 robe of Freedom {rElec} (You found it on level 9 of the Dungeon)
 12621 | D:9      | Identified the +0 robe of the Ten Souls {rF+ Str+4}
 12711 | D:9      | Reached skill level 8 in Fighting
 12774 | D:9      | Reached skill level 10 in Dodging
 12787 | D:9      | Reached skill level 10 in Polearms
 12810 | D:9      | Found a staircase to the Lair.
 13248 | D:9      | Found a staircase to the Orcish Mines.
 13473 | D:9      | Reached ** piety under Ashenzari
 13641 | D:10     | Entered Level 10 of the Dungeon
 13704 | D:10     | Reached skill level 9 in Fighting
 13891 | D:10     | Found a portal to a secret trove of treasure.
 14067 | Lair:1   | Entered Level 1 of the Lair of Beasts
 14433 | Lair:1   | Reached XP level 11. HP: 77/89 MP: 15/20
 15625 | Lair:2   | Reached *** piety under Ashenzari
 15706 | Lair:2   | Reached skill level 10 in Fighting
 15852 | Lair:2   | Noticed a six-headed hydra
 16060 | Lair:2   | Killed a six-headed hydra
 16403 | Lair:3   | Noticed Prince Ribbit
 16412 | Lair:3   | Killed Prince Ribbit
 17038 | Lair:3   | Reached **** piety under Ashenzari
 17144 | Lair:3   | Noticed a seven-headed hydra
 17179 | Lair:3   | Killed a seven-headed hydra
 17179 | Lair:3   | Reached XP level 12. HP: 99/99 MP: 9/21
 18234 | Lair:5   | Found a stormy altar of Qazlal.
 18273 | Lair:5   | Found a dark tunnel.
 18406 | Lair:5   | Reached skill level 15 in Polearms
 18430 | Volcano  | Entered a volcano
 18847 | Volcano  | Found a radiant altar of Vehumet.
 20417 | Orc:1    | Entered Level 1 of the Orcish Mines
 21510 | Lair:5   | Noticed a catoblepas
 21564 | Lair:5   | Killed a catoblepas
 21564 | Lair:5   | Reached XP level 13. HP: 84/104 MP: 2/22
 22426 | Lair:5   | Found a staircase to the Swamp.
 23322 | Lair:6   | Found a staircase to the Snake Pit.
 24019 | Lair:6   | Identified the cursed +1 ring mail "Kozy Goa" {rPois rC+}
 24251 | Lair:6   | Found a staircase to the Slime Pits.
 24251 | Lair:6   | Found a viscous altar of Jiyva.
 24587 | Lair:6   | Reached skill level 15 in Dodging
 25779 | Lair:7   | Reached XP level 14. HP: 111/111 MP: 20/23
 26074 | Lair:1   | Learned a level 3 spell: Vampiric Draining
 26374 | Lair:7   | Reached skill level 1 in Armour
 26454 | Lair:7   | Reached skill level 11 in Fighting
 27302 | Lair:8   | Entered Level 8 of the Lair of Beasts
 28507 | Lair:8   | Reached skill level 12 in Fighting
 28772 | Lair:8   | Reached XP level 15. HP: 120/120 MP: 24/24
 29496 | Lair:8   | Identified the cursed +1 scale mail of Immorality {rF+ rC+}
 29500 | Lair:8   | Found a runed door.
 29951 | Lair:1   | Learned a level 3 spell: Spectral Weapon
 30119 | Orc:2    | Entered Level 2 of the Orcish Mines
 30199 | Orc:2    | Reached skill level 1 in Hexes
 30922 | Orc:1    | Reached skill level 1 in Translocations
 31134 | Orc:2    | Found Noiciopp's Food Emporium.
 31134 | Orc:2    | Found Ufureig's Antique Armour Boutique.
 31142 | Orc:2    | Found Rurcheoc's Assorted Antiques.
 31142 | Orc:2    | Found Xuoxteot's Antique Armour Shoppe.
 31150 | Orc:2    | Bought a potion of heal wounds for 110 gold pieces
 31150 | Orc:2    | Bought a potion of agility for 88 gold pieces
 31150 | Orc:2    | Bought a scroll of remove curse for 66 gold pieces
 31151 | Orc:2    | Bought an embroidered cloak for 108 gold pieces
 31151 | Orc:2    | Bought a shiny helmet for 108 gold pieces
 31217 | Orc:1    | Noticed an orc warlord
 31314 | Orc:2    | Killed an orc warlord
 31385 | Orc:2    | Found a roughly hewn altar of Beogh.
 31389 | Orc:2    | Noticed kitkat's ghost (journeyman DrFE)
 31399 | Orc:2    | Killed kitkat's ghost
 31508 | Orc:2    | Found a staircase to the Elven Halls.
 31516 | Orc:2    | Found a radiant altar of Vehumet.
 32117 | Orc:1    | Found a roughly hewn altar of Beogh.
 32236 | Orc:2    | Reached skill level 5 in Armour
 32615 | Orc:1    | Reached ***** piety under Ashenzari
 32789 | Orc:1    | Reached skill level 13 in Fighting
 33362 | D:10     | Noticed Joseph
 33369 | D:10     | Killed Joseph
 33538 | D:10     | Found Abbe Suo's Antique Weapon Emporium.
 34575 | D:11     | Found an oddly glowing altar of Pakellas.
 34648 | D:12     | Noticed Azrael
 35177 | Swamp:1  | Entered Level 1 of the Swamp
 35304 | Swamp:1  | Noticed Josephine
 35308 | Swamp:1  | Killed Josephine
 35648 | Swamp:1  | Reached XP level 16. HP: 129/132 MP: 25/25
 35720 | Swamp:1  | Noticed Roxanne
 35815 | Swamp:1  | Identified the +4 flail of Havoc {crush, rF+ Dex+2}
 35955 | Swamp:1  | Noticed kitkat's ghost (journeyman DrFE)
 35976 | Swamp:1  | Killed kitkat's ghost
 36003 | Swamp:1  | Reached skill level 14 in Fighting
 36269 | Swamp:1  | Killed Roxanne
 36271 | Swamp:1  | Identified Roxanne's Papyrus of Transmigration (You took it off Roxanne on level 1 of the Swamp)
 36272 | Swamp:1  | that was dumb
 36586 | Swamp:2  | Noticed Aizul
 36771 | Swamp:2  | Noticed Kirke
 37110 | Swamp:2  | Noticed a sphinx
 37121 | Swamp:1  | Killed Kirke
 37388 | Swamp:2  | Killed Aizul
 37799 | Swamp:3  | Reached skill level 15 in Fighting
 38770 | Snake:1  | Entered Level 1 of the Snake Pit
 38795 | Snake:1  | Reached ****** piety under Ashenzari
 40634 | Snake:1  | Reached skill level 5 in Stealth
 41278 | Snake:2  | Reached XP level 17. HP: 144/144 MP: 26/26
 41446 | Snake:1  | Reached skill level 1 in Air Magic
 41675 | Snake:2  | Reached skill level 16 in Fighting
 42380 | Snake:3  | Found a runed gate.
 42380 | Snake:3  | Found a runed gate.
 42380 | Snake:3  | Found a runed gate.
 42468 | Snake:3  | Identified the cursed -5 robe of Misfortune {-Cast *Contam *Tele EV-4 Str-2 Int-2 Dex-2 Stlth-- *Curse}
 43133 | D:12     | Found Fireju's Elemental Accessories.
 43278 | D:12     | Killed Azrael
 43353 | D:12     | Noticed Shade's ghost (journeyman DsWz)
 43364 | D:12     | Killed Shade's ghost
 43630 | D:13     | Reached skill level 17 in Fighting
 43839 | D:13     | Found Warydgh's Food Boutique.
 44047 | D:13     | Identified the cursed +1 rapier "Piafaan" {pierce, MP+9 Int+4}
 44313 | D:13     | Found a gate to the Vaults.
 44725 | D:14     | Found Heykhoxt's Gadget Boutique.
 44728 | D:14     | Bought a wand of teleportation (3/9) for 357 gold pieces
 45257 | D:15     | Entered Level 15 of the Dungeon
 45455 | D:15     | Reached XP level 18. HP: 129/155 MP: 29/29
 45638 | D:15     | Identified the +1 short sword "Eklotod" {venom, +Blink MR+ Dex+2 Stlth+} (You took it off a centaur warrior on level 15 of the Dungeon)
 45840 | D:15     | Identified the +1 pair of boots of the Elven Halls {MR+++ MP+9 Int+4 Dex-5}
 45917 | D:15     | Reached skill level 18 in Fighting
 45917 | D:15     | Reached XP level 19. HP: 164/164 MP: 27/30
 46403 | D:15     | Found a staircase to the Depths.
 46837 | Lair:1   | Learned a level 4 spell: Animate Dead
 46904 | D:7      | Bought a scroll of enchant armour for 90 gold pieces
 46904 | D:7      | Bought a scroll of fog for 24 gold pieces
 47121 | Swamp:4  | Entered Level 4 of the Swamp
 48034 | Swamp:4  | Reached skill level 19 in Fighting
 49017 | Swamp:4  | Got a decaying rune of Zot
 49565 | Snake:4  | Entered Level 4 of the Snake Pit
 49684 | Snake:3  | Reached skill level 1 in Evocations
 49968 | Snake:4  | Found a radiant altar of Vehumet.
 50121 | Snake:4  | Found Efaudgh's Assorted Antiques.
 50129 | Snake:4  | Bought a scroll of teleportation for 138 gold pieces
 50129 | Snake:4  | Bought a potion of heal wounds for 230 gold pieces
 50129 | Snake:4  | Bought a potion of agility for 184 gold pieces
 50965 | Snake:4  | Reached skill level 20 in Fighting
 51165 | Snake:4  | Reached XP level 20. HP: 176/176 MP: 32/32
 52468 | Snake:4  | Reached skill level 5 in Evocations
 52722 | Snake:4  | Got a serpentine rune of Zot
 53168 | Vaults:1 | Entered Level 1 of the Vaults
 54242 | Vaults:1 | Noticed Agnes
 54242 | Vaults:1 | Noticed Rupert
 54262 | Vaults:1 | Killed Rupert
 54262 | Vaults:1 | Reached skill level 21 in Fighting
 54264 | Vaults:1 | Killed Agnes
 54266 | Vaults:1 | Noticed Wiglaf
 54274 | Vaults:1 | Killed Wiglaf
 54282 | Vaults:1 | Noticed Louise
 54288 | Vaults:1 | Killed Louise
 54716 | Vaults:1 | Reached skill level 5 in Charms
 55149 | Vaults:1 | Reached XP level 21. HP: 72/187 MP: 26/33
 55602 | Vaults:2 | Found Ceibe's Weapon Boutique.
 55670 | Vaults:2 | Noticed Mara
 55671 | Vaults:2 | Noticed vale's illusion
 55979 | Vaults:2 | Found Kirybric's Jewellery Emporium.
 55987 | Vaults:2 | Bought a +3 ring of protection for 273 gold pieces
 56271 | Vaults:2 | Found a staircase to the Crypt.
 56543 | Vaults:2 | Noticed Margery
 56767 | Vaults:2 | Killed Margery
 56767 | Vaults:2 | Reached skill level 22 in Fighting
 57302 | Vaults:2 | Noticed vale's illusion
 57510 | Vaults:2 | Killed Mara
 58286 | Vaults:3 | Found Oliggaek's Distillery.
 58286 | Vaults:3 | Noticed Mennas
 58529 | Vaults:3 | Bought a potion of invisibility for 136 gold pieces
 58529 | Vaults:3 | Bought a potion of heal wounds for 85 gold pieces
 58551 | Vaults:3 | Reached skill level 10 in Stealth
 58699 | Vaults:3 | Killed Mennas
 58769 | Vaults:3 | Reached XP level 22. HP: 195/198 MP: 32/34
 59203 | Vaults:3 | Identified the +7 war axe of Gallantry {drain, rF+++ MP+9 Str-5}
 59734 | Vaults:4 | Reached skill level 23 in Fighting
 59737 | Vaults:4 | Noticed peaced01's ghost (adept MiFi)
 59782 | Vaults:4 | Killed peaced01's ghost
 61446 | Elf:1    | Entered Level 1 of the Elven Halls
 61751 | Elf:1    | Found a frozen archway.
 61761 | IceCv    | Entered an ice cave
 62106 | IceCv    | Identified the +7 trident of Linearity {elec, rC+ Str-4 Int+4}
 62859 | Elf:1    | Identified the Compendium of Evil Arts
 62866 | Elf:1    | Learned a level 5 spell: Bolt of Draining
 63165 | Elf:2    | Reached skill level 5 in Conjurations
 63326 | Elf:2    | Found a runed gate.
 63326 | Elf:2    | Found a runed gate.
 63327 | Elf:2    | Found a runed gate.
 63399 | Elf:2    | Noticed Orbits's ghost (adept TeBe)
 63407 | Elf:2    | Killed Orbits's ghost
 63936 | Elf:2    | Reached XP level 23. HP: 203/209 MP: 35/35
 64530 | Elf:3    | Entered Level 3 of the Elven Halls
 64741 | Elf:3    | Reached skill level 24 in Fighting
 65038 | Elf:3    | Noticed doroboNeko's ghost (veteran MiFi)
 65065 | Elf:3    | Cast into level 3 of the Abyss (flail of distortion)
 65190 | Elf:3    | Escaped the Abyss
 65603 | Elf:3    | Reached skill level 5 in Necromancy
 66160 | Elf:3    | Killed doroboNeko's ghost
 66612 | Lair:1   | Learned a level 4 spell: Control Undead
 67123 | Elf:3    | Identified the +4 lajatang of the Grave {slice, MR+} (You took it off a deep elf high priest on level 3 of the Elven Halls)
 67315 | Elf:3    | Identified the cursed +0 chain mail "Usucops" {rC- rCorr Str+4} (You took it off a deep elf master archer on level 3 of the Elven Halls)
 67319 | Elf:3    | Identified the ring of Okawaru's Favour {rF+ rC+} (You took it off a deep elf master archer on level 3 of the Elven Halls)
 67404 | Elf:3    | Identified the ring "Fuelo" {MR+ Int+3 SInv} (You took it off a deep elf demonologist on level 3 of the Elven Halls)
 67751 | Elf:3    | Identified the +4 quarterstaff "Killer Klown's Regret" {freeze, -Tele rElec MR+} (You took it off a deep elf death mage on level 3 of the Elven Halls)
 67916 | Elf:3    | Identified the ring "Eguw" {rC+ MP+9 Int+2 Stlth-} (You took it off a deep elf mage on level 3 of the Elven Halls)
 67994 | Elf:3    | Identified the cursed +0 scale mail of Obraroabb {rF- rC- Regen+ rCorr}
 68018 | Elf:3    | Identified the +7 mace "Ohinon" {elec, *Rage rPois Str+2}
 68159 | Elf:3    | Reached XP level 24. HP: 160/219 MP: 30/35
 68748 | Depths:1 | Entered Level 1 of the Depths
 68931 | Depths:1 | Found a gateway to Hell.
 69219 | Depths:1 | Found a runed door.
 69705 | Depths:1 | Found a one-way gate to the infinite horrors of the Abyss.
 70272 | Depths:2 | Noticed a caustic shrike
 70272 | Depths:2 | Noticed a caustic shrike
 70462 | Depths:2 | Reached skill level 25 in Fighting
 70557 | Depths:2 | Found a gateway to a ziggurat.
 70664 | Depths:2 | Found a one-way gate leading to the halls of Pandemonium.
 71616 | Depths:3 | Paralysed by a giant eyeball for 4 turns
 72154 | Depths:3 | Reached XP level 25. HP: 167/228 MP: 1/36
 72155 | Depths:3 | Reached skill level 15 in Stealth
 73220 | Depths:4 | Noticed Sojobo
 73263 | Depths:4 | Reached skill level 10 in Spellcasting
 73319 | Depths:4 | Killed Sojobo
 74131 | Lair:1   | Learned a level 7 spell: Malign Gateway
 74319 | Depths:1 | fun
 74967 | Depths:2 | Reached skill level 5 in Summonings
 75400 | Depths:1 | Identified Sif Muna's Reference Book on Orientation
 75609 | Depths:4 | Identified the Papyrus of Supportive Feathers
 75880 | Depths:5 | Entered Level 5 of the Depths
 76343 | Depths:5 | Reached XP level 26. HP: 183/237 MP: 29/37
 76792 | Depths:5 | Reached skill level 10 in Summonings
 76898 | Depths:5 | Found a gate to the Realm of Zot.
 77424 | Crypt:1  | Entered Level 1 of the Crypt
 77745 | Crypt:1  | Reached skill level 5 in Translocations
 79269 | Crypt:3  | Entered Level 3 of the Crypt
 79423 | Crypt:3  | Found a staircase to the Tomb.
 79731 | Crypt:3  | Noticed Jorgrun
 79807 | Crypt:3  | Killed Jorgrun
 80735 | Crypt:3  | Noticed an ancient lich
 80750 | Crypt:3  | Killed an ancient lich
 81940 | Vaults:2 | Reached XP level 27. HP: 199/244 MP: 37/37
 82132 | Lair:1   | Learned a level 7 spell: Haunt
 82132 | Lair:1   | oops
 82143 | Lair:1   | Learned a level 6 spell: Shadow Creatures
 82412 | Vaults:5 | Entered Level 5 of the Vaults
 82715 | Vaults:5 | Reached skill level 15 in Summonings
 84105 | Vaults:5 | Identified the +2 pair of boots "Ugywyno" {rF- rC+ Dex+2 Stlth+}
 84126 | Vaults:5 | Got a silver rune of Zot
 84688 | Vaults:5 | Noticed Jory
 84718 | Vaults:5 | Killed Jory
 84905 | Vaults:5 | Gained mutation: You passively map a small area around you. [potion of beneficial mutation]
 84908 | Vaults:5 | hah
 85994 | Zot:1    | Entered Level 1 of the Realm of Zot
 86769 | Lair:1   | Learned a level 7 spell: Haunt
 87992 | Zot:1    | i keep missing these!
 90262 | Zot:3    | Noticed an orb of fire
 90293 | Zot:3    | Reached skill level 26 in Fighting
 90303 | Zot:3    | Killed an orb of fire
 91786 | Zot:4    | Found a shattered altar of Ashenzari.
 91881 | Zot:4    | Noticed an orb of fire
 91893 | Zot:4    | Killed an orb of fire
 92490 | Zot:4    | Reached skill level 15 in Spellcasting
 92690 | Zot:5    | Entered Level 5 of the Realm of Zot
 92730 | Zot:5    | Noticed an ancient lich
 92978 | Zot:5    | Reached skill level 27 in Fighting
 93384 | Zot:5    | Noticed an ancient lich
 93407 | Zot:5    | Killed an ancient lich
 93430 | Zot:5    | Noticed an ancient lich
 93430 | Zot:5    | Noticed an ancient lich
 93431 | Zot:5    | Noticed an orb of fire
 93453 | Zot:5    | Killed an ancient lich
 93466 | Zot:5    | Noticed an ancient lich
 93471 | Zot:5    | Killed an ancient lich
 93513 | Zot:5    | Gained mutation: You have a pair of small horns on your head. [an orb of fire]
 93517 | Zot:5    | Gained mutation: You expend magic power (3 MP) to strengthen your wands. [an orb of fire]
 93524 | Zot:5    | Gained mutation: Armour fits poorly on your strangely shaped body. [an orb of fire]
 93532 | Zot:5    | Killed an orb of fire
 93638 | Zot:5    | Noticed an ancient lich
 93645 | Zot:5    | Killed an ancient lich
 94197 | Vaults:3 | Bought a potion of cure mutation for 425 gold pieces
 94197 | Vaults:3 | Bought a potion of cure mutation for 425 gold pieces
 94197 | Vaults:3 | Lost mutation: Armour fits poorly on your strangely shaped body. [potion of cure mutation]
 94197 | Vaults:3 | Lost mutation: You have a pair of small horns on your head. [potion of cure mutation]
 94197 | Vaults:3 | Lost mutation: You expend magic power (3 MP) to strengthen your wands. [potion of cure mutation]
 94197 | Vaults:3 | Lost mutation: You passively map a small area around you. [potion of cure mutation]
 94663 | Zot:5    | Noticed an orb of fire
 94688 | Zot:5    | Noticed an ancient lich
 94710 | Zot:5    | Killed an ancient lich
 94724 | Zot:5    | Killed an ancient lich
 94964 | Zot:5    | Killed an orb of fire
 95058 | Zot:5    | Noticed an ancient lich
 95070 | Zot:5    | Killed an ancient lich
 95333 | Zot:5    | Noticed an orb of fire
 95347 | Zot:5    | Killed an orb of fire
 95396 | Zot:5    | Got the Orb of Zot
 96090 | D:1      | Noticed Loumic the pandemonium lord
 96100 | D:$      | Escaped with the Orb!

Skill      XL: |  1  2  3  4  5  6  7  8  9 10 11 12 13 14 15 16 17 18 19 20 21 22 23 24 25 26 27 |
---------------+----------------------------------------------------------------------------------+-----
Conjurations   | 1 2 3 4 5 6 |  6.9
Dodging        | 3 4 5 7 9 10 12 13 15 16 17 18 19 21 22 23 24 | 24.0
Polearms       | 1 2 4 5 7 8 11 14 17 20 21 22 | 22.7
Spellcasting   | 4 5 6 7 8 9 10 15 | 15.2
Necromancy     | 2 3 6 7 9 |  9.5
Fighting       | 3 6 9 10 12 13 15 17 18 20 21 22 23 24 25 27 | 27.0
Charms         | 2 5 |  5.5
Armour         | 3 5 6 |  6.8
Hexes          | 3 |  3.2
Translocations | 2 3 7 8 |  8.3
Stealth        | 5 6 10 12 14 16 | 16.9
Air Magic      | 3 |  3.0
Evocations     | 3 7 |  7.1
Summonings     | 8 14 22 | 22.1

Action                   |  1- 3 |  4- 6 |  7- 9 | 10-12 | 13-15 | 16-18 | 19-21 | 22-24 | 25-27 || total
-------------------------+-------+-------+-------+-------+-------+-------+-------+-------+-------++-------
Melee: Unarmed           |     6 |       |       |       |       |       |       |       |       ||     6
       Spear             |    37 |    53 |       |       |       |       |       |       |       ||    90
       Trident           |       |    74 |   411 |  1155 |   475 |       |       |       |       ||  2115
       Tailslap          |       |       |       |     2 |     1 |     2 |     8 |     2 |     1 ||    16
       Bardiche          |       |       |       |       |   836 |   989 |  1516 |  1468 |  2646 ||  7455
       Headbutt          |       |       |       |       |       |       |       |       |     7 ||     7
Throw: Throwing net      |       |       |       |       |       |       |       |       |     2 ||     2
 Cast: Magic Dart        |    51 |    78 |   194 |    82 |    49 |    59 |    50 |    41 |    82 ||   686
       Call Imp          |     4 |    18 |     8 |     3 |       |       |       |       |       ||    33
       Mephitic Cloud    |       |     6 |    25 |    59 |    72 |     9 |    12 |     6 |    18 ||   207
       Conjure Flame     |       |     2 |    27 |    47 |    61 |    19 |    14 |    10 |     8 ||   188
       Repel Missiles    |       |     1 |     4 |     2 |     2 |     7 |     7 |     9 |     7 ||    39
       Apportation       |       |       |     9 |     2 |       |     1 |     6 |    10 |     9 ||    37
       Animate Skeleton  |       |       |     3 |    89 |   172 |    93 |    57 |    45 |    29 ||   488
       Blink             |       |       |     2 |    12 |     9 |     4 |    21 |     8 |    23 ||    79
       Regeneration      |       |       |       |    22 |    19 |    31 |    42 |    35 |    71 ||   220
       Shroud of Golubri |       |       |       |     2 |     5 |     2 |       |       |       ||     9
       Vampiric Draining |       |       |       |       |    16 |    29 |    18 |     1 |       ||    64
       Spectral Weapon   |       |       |       |       |     8 |    17 |    37 |    41 |   105 ||   208
       Animate Dead      |       |       |       |       |       |       |    55 |    80 |   144 ||   279
       Bolt of Draining  |       |       |       |       |       |       |       |    79 |   100 ||   179
       Control Undead    |       |       |       |       |       |       |       |     4 |    27 ||    31
       Haunt             |       |       |       |       |       |       |       |       |    21 ||    21
       Shadow Creatures  |       |       |       |       |       |       |       |       |    11 ||    11
       Malign Gateway    |       |       |       |       |       |       |       |       |     8 ||     8
Invok: Curse Item        |       |       |     1 |       |     6 |       |       |     2 |       ||     9
       Scrying           |       |       |       |     2 |     3 |     1 |     6 |     2 |     2 ||    16
Evoke: Wand              |       |       |       |     7 |     4 |     3 |     6 |     4 |    18 ||    42
       Phial of floods   |       |       |       |       |     1 |       |     3 |     1 |     1 ||     6
       Box of beasts     |       |       |       |       |       |       |     1 |     4 |     2 ||     7
       Lamp of fire      |       |       |       |       |       |       |       |       |     2 ||     2
  Use: Potion            |     2 |       |       |     2 |       |     6 |     2 |     1 |     6 ||    19
       Scroll            |     1 |       |    17 |    15 |     8 |    11 |     9 |    13 |    13 ||    87
 Stab: Sleeping          |     1 |     2 |     2 |     4 |     6 |    30 |    11 |    52 |    35 ||   143
       Distracted        |     1 |       |     1 |     5 |    15 |     9 |    22 |    21 |    69 ||   143
       Confused          |       |     4 |    11 |    56 |    41 |     4 |     7 |     4 |    13 ||   140
       Invisible         |       |       |       |     1 |       |       |       |       |       ||     1
       Held in net/web   |       |       |       |       |       |       |       |       |     3 ||     3
  Eat: Chunk             |     2 |    13 |    15 |    34 |    49 |    21 |    21 |    50 |    25 ||   230
       Pizza             |       |       |     3 |     2 |     1 |       |       |     1 |     1 ||     8
       Beef jerky        |       |       |     1 |     1 |       |     1 |     2 |     2 |     3 ||    10
       Royal jelly       |       |       |       |       |       |     4 |     6 |       |     2 ||    12
       Meat ration       |       |       |       |       |       |     1 |     2 |     2 |     9 ||    14
       Fruit             |       |       |       |       |       |     1 |       |     2 |       ||     3
       Bread ration      |       |       |       |       |       |       |     1 |       |     8 ||     9
Armor: Robe              |    12 |    20 |    62 |    70 |    23 |       |       |       |       ||   187
       Steam dragon armo |       |       |       |       |    90 |   138 |   187 |   188 |   372 ||   975
Dodge: Dodged            |    44 |    68 |   182 |   425 |   684 |   663 |  1022 |   838 |  1796 ||  5722
       Deflected         |       |       |     6 |     5 |    16 |    32 |    60 |    63 |    52 ||   234
Block: Other             |       |       |     5 |       |    49 |    38 |    55 |    41 |    78 ||   266
       Reflection        |       |       |       |       |     1 |     5 |     4 |    11 |     2 ||    23
